 Dungeon Crawl Stone Soup version 0.29-a0-359-g541a27f54d (webtiles) character file.

Game seed: 6064679845423822354

74116 zorge82 the Fencer (level 15, 0/118 HPs)
             Began as a Merfolk Gladiator on Apr 27, 2022.
             Was the Champion of Okawaru.
             Slain by a salamander
             ... wielding a +0 glaive
              (5 damage)
             ... on level 2 of the Snake Pit.
             The game lasted 01:09:34 (21774 turns).

zorge82 the Fencer (Merfolk Gladiator)             Turns: 21774, Time: 01:09:34

Health: 0/118      AC: 23    Str: 16    XL:     15   Next: 45%
Magic:  32/32      EV: 24    Int: 12    God:    Okawaru [******]
Gold:   1287       SH:  5    Dex: 22    Spells: 14/14 levels left

rFire   + . .      SeeInvis +   Q - +6 triple sword "Qelload" {flame, *Slow rF+ Int+4 Stlth+}
rCold   . . .      Faith    .   (shield currently unavailable)
rNeg    . . .      Spirit   .   r - +5 steam dragon scales
rPois   .          Reflect  +   U - +0 helmet "Palon" {+Inv}
rElec   .          Harm     .   M - +0 cloak "Kuhull" {MP+9 Int-2 Slay+5}
rCorr   .          Rampage  .   V - +3 pair of gloves of the Eight Boll Weevils {Int+3}
Will    +....                   t - +1 pair of boots
Stlth   ++++++....              m - amulet of reflection
HPRegen 0.29/turn               u - +4 ring of protection
MPRegen 0.23/turn               z - ring of see invisible

@: studying 2 skills
A: (nimble swimmer 2), mertail
a: Renounce Religion, Evoke Invisibility, Heroism, Finesse, Duel


You were on level 2 of the Snake Pit.
You worshipped Okawaru.
Okawaru was exalted by your worship.
You visited 4 branches of the dungeon, and saw 20 of its levels.

You collected 1637 gold pieces.
You spent 350 gold pieces at shops.

Inventory:

Hand Weapons
 c - a +6 triple sword of holy wrath
 p - a +0 demon trident
 y - the +9 short sword "Spiderbane" {vorpal, rN+}
   (Okawaru gifted it to you on level 9 of the Dungeon)

   It inflicts extra damage upon your enemies.
   rN:        It protects you from negative energy.
 Q - the +6 triple sword "Qelload" (weapon) {flame, *Slow rF+ Int+4 Stlth+}
   (You acquired it on level 1 of the Lair of Beasts)

   It burns those it strikes, dealing additional fire damage.
   Big, fiery blades are also staple armaments of hydra-hunters.
   Int:       It affects your intelligence (+4).
   rF:        It protects you from fire.
   *Slow:     It may slow you when you take damage.
   Stlth:     It makes you more stealthy.
 T - a +7 double sword of holy wrath
Missiles
 a - 3 curare-tipped darts
 d - 5 throwing nets
 j - 2 datura-tipped darts
 q - 93 poisoned darts (quivered)
 D - 11 boomerangs
Armour
 i - a +0 troll leather armour
 r - +5 steam dragon scales (worn)
 t - a +1 pair of boots (worn)
 I - the +4 robe of Pan-Flutes {-Cast Regen+ Stlth+}
   (You found it on level 5 of the Dungeon)

   -Cast:     It prevents spellcasting.
   Regen:     It increases your rate of health regeneration.
   Stlth:     It makes you more stealthy.
 M - the +0 cloak "Kuhull" (worn) {MP+9 Int-2 Slay+5}
   (Okawaru gifted it to you on level 11 of the Dungeon)

   Int:       It affects your intelligence (-2).
   Slay:      It affects your accuracy & damage with ranged weapons and melee
   (+5).
   MP:        It affects your magic capacity (+9).
 U - the +0 helmet "Palon" (worn) {+Inv}
   (Okawaru gifted it to you on level 1 of the Snake Pit)

   +Inv:      It lets you turn invisible.
 V - the +3 pair of gloves of the Eight Boll Weevils (worn) {Int+3}
   (Okawaru gifted it to you on level 4 of the Lair of Beasts)

   Int:       It affects your intelligence (+3).
Jewellery
 m - an amulet of reflection (around neck)
 u - a +4 ring of protection (left hand)
 v - a ring of protection from cold
 z - a ring of see invisible (right hand)
 K - an amulet of guardian spirit
Wands
 N - a wand of iceblast (16)
 P - a wand of digging (4)
Scrolls
 f - 4 scrolls of fog
 n - 2 scrolls of blinking
 x - 3 scrolls of holy word
 C - 7 scrolls of amnesia
 F - 2 scrolls of magic mapping
 H - 2 scrolls of teleportation
 R - 2 scrolls of fear
Potions
 e - 2 potions of berserk rage
 g - 3 potions of heal wounds
 h - 5 potions of brilliance
 k - 2 potions of ambrosia {unknown}
 l - 6 potions of might
 s - 10 potions of curing
 w - 7 potions of flight
 A - 2 potions of cancellation {unknown}
 B - a potion of magic {unknown}
 E - 5 potions of lignification
 G - 3 potions of degeneration {unknown}
 J - 3 potions of haste
 L - 2 potions of attraction {unknown}
 O - 4 potions of resistance
 X - a potion of invisibility {unknown}
Miscellaneous
 o - a phantom mirror
 S - a tin of tremorstones (2/2)


   Skills:
 + Level 11.0 Fighting
 - Level 7.9(15.2) Short Blades
 + Level 20.1(20.6) Long Blades
 + Level 3.4 Throwing
 - Level 4.6 Armour
 - Level 14.8 Dodging
 + Level 10.3 Stealth
 * Level 11.6 Invocations


You had 14 spell levels left.
You didn't know any spells.
Your spell library contained the following spells:

 Spells                   Type           Power      Damage    Failure   Level
 Sandblast                Erth           0%         2d4       32%         1
 Sting                    Tmut/Pois      0%         1d3       32%         1
 Ensorcelled Hibernation  Hex/Ice        0%         N/A       45%         2
 Passwall                 Tmut/Erth      0%         N/A       45%         2
 Poisonous Vapours        Pois/Air       0%         N/A       45%         2
 Sublimation of Blood     Necr           0%         N/A       45%         2
 Inner Flame              Hex/Fire       0%         N/A       69%         3
 Spider Form              Tmut/Pois      0%         N/A       69%         3
 Stone Arrow              Conj/Erth      0%         3d7       69%         3
 Anguish                  Hex/Necr       0%         N/A       97%         4
 Cause Fear               Hex            0%         N/A       97%         4
 Olgreb's Toxic Radiance  Pois           0%         N/A       97%         4
 Petrify                  Tmut/Erth      0%         N/A       97%         4
 Alistair's Intoxication  Tmut/Pois      0%         N/A       100%        5
 Blade Hands              Tmut           0%         N/A       100%        5
 Borgnjor's Vile Clutch   Necr/Erth      0%         N/A       100%        5
 Irradiate                Conj/Tmut      0%         3d13      100%        5
 Eringya's Noxious Bog    Tmut/Pois      0%         N/A       100%        6
 Iron Shot                Conj/Erth      0%         9d1       100%        6
 Discord                  Hex            0%         N/A       100%        8
 Chain Lightning          Conj/Air       0%         N/A       100%        9
 Fire Storm               Conj/Fire      0%         5d1       100%        9
 Shatter                  Erth           0%         3d5*      100%        9
 Animate Armour           Summ/Erth      Unusable   N/A       N/A         4

Dungeon Overview and Level Annotations

Branches:
Dungeon (11/15)            Temple (1/1) D:5            Lair (6/6) D:11
  Swamp (0/4) Lair:3        Snake (2/4) Lair:3        Slime (0/5) Lair:6
    Orc (0/2) D:11

Altars:
Ashenzari
Cheibriados
Dithmenos
Elyvilon
Fedhas
Gozag
Hepliaklqana
Kikubaaqudgha
Makhleb
Nemelex Xobeh
Okawaru
Qazlal
Ru
Sif Muna
Trog
Uskayaw
Vehumet
Wu Jian
Xom
Yredelemnul
Zin
The Shining One

Shops:
D:1 :   Snake:1 *[:!

Portals:
Hell: Lair:6


Innate Abilities, Weirdness & Mutations

((You are very nimble when in or above water. (Stealth+, EV+, Speed+++)))
Your lower body shifts to a powerful aquatic tail in water.


Message History

* * * LOW HITPOINT WARNING * * *
The damnation engulfs Azrael.
Azrael completely resists.
You hear an angry hiss.
You slice Azrael!!
You kill Azrael!
Okawaru is honoured by your kill.
You slice the hell hound!!
You kill the hell hound!
Okawaru accepts your kill. The salamander closely misses you.
You hit the fire elemental.
The fire elemental is lightly damaged.
The fire elemental hits you. The salamander misses you.
You slice the fire elemental!!
You destroy the fire elemental!
Okawaru accepts your kill. You block the salamander's attack.
The salamander hits you with a +0 glaive!
* * * LOW HITPOINT WARNING * * *
You are engulfed in flames.
You resist.
* * * LOW HITPOINT WARNING * * *
Things that are here:
a +3 scimitar of flaming; a potion of curing You slash the salamander!
The salamander is lightly wounded.
You block the salamander's attack.
You slice the salamander like a ripe choko!!!
The salamander is almost dead.
You barely miss the salamander.
The salamander is almost dead.
The salamander hits you with a +0 glaive.
* * * LOW HITPOINT WARNING * * *
You are engulfed in flames.
You resist.
* * * LOW HITPOINT WARNING * * *
You hit the salamander but do no damage.
The salamander is almost dead.
The salamander hits you with a +0 glaive.
* * * LOW HITPOINT WARNING * * *
You are engulfed in flames.
You resist.
You die...

#)# #.#.# #.###.#.####
#.....#....###
##...........#
#...........#
#......<....#
#...........#
#...........##########
#............$@.......
#...........###N≈≈≈≈≈≈
#...........# ≈≈≈≈≈≈≈
############# ≈≈.....
≈≈.≈≈≈. ≈≈.≈.≈.
≈≈.≈... #≈.#.≈≈


You could see a salamander.

Vanquished Creatures
  The ghost of Recuihi the Severer, an adept MiBe of Trog (Snake:1)
  Azrael (Snake:2)
  A dire elephant (Lair:6)
  A catoblepas (Lair:5)
  9 hydras
  4 anacondas (Snake:1)
  The ghost of meliss the Basher, a novice TrFi of Hepliaklqana (D:7)
  A naga warrior (Snake:1)
  2 shock serpents (Snake:1)
  10 death yaks
  A sixfirhy (Lair:6)
  2 sea snakes (Snake:2)
  A wizard (Lair:6)
  A naga ritualist (Snake:1)
  An obsidian statue (D:9)
  2 bog bodies (Lair:3)
  A mana viper (Snake:1)
  Pikel (D:7)
  3 oklob plants (Lair:3)
  A cyclops (D:11)
  A manticore (Lair:6)
  A salamander (Snake:1)
  19 elephants
  Maurice (D:8)
  3 torpor snails
  15 black mambas
  2 naga magi
  3 orange demons (Lair:6)
  16 cane toads
  A gargoyle (D:10)
  An unseen horror (D:11)
  3 kobold demonologists (D:9)
  6 rime drakes
  A hellwing (Lair:6)
  8 komodo dragons
  An ice devil (Lair:6)
  A polar bear (Lair:2)
  A red devil (Lair:6)
  2 trolls
  2 hornets
  9 slime creatures
  6 blink frogs (Lair:6)
  4 dream sheep (Lair:5)
  A shadow (D:11)
  36 yaks
  11 wyverns
  3 fire elementals (Snake:2)
  4 vampire mosquitoes (D:11)
  9 basilisks
  A steam dragon (D:6)
  8 nagas
  An acid dragon (D:8)
  10 hell hounds
  12 water moccasins
  A floating eye (Lair:3)
  2 ice beasts
  3 orc warriors
  5 black bears
  4 sky beasts
  9 wolves (Lair:1)
  4 centaurs
  9 kobold brigands
  A phantom (D:5)
  17 bullfrogs
  6 scorpions
  9 wights
  4 killer bees (D:8)
  5 howler monkeys
  10 electric eels
  5 hounds
  10 orc priests
  5 jellies
  7 iguanas
  5 hell rats (Lair:6)
  8 orc wizards
  8 gnolls
  8 adders
  4 white imps
  3 ufetubi
  A worm (D:2)
  4 dart slugs
  61 orcs
  4 ball pythons
  11 endoplasms
  4 giant cockroaches
  7 hobgoblins
  2 jackals (D:4)
  39 kobolds
  A quokka (D:4)
  5 bats
  4 frilled lizards
  13 goblins
  5 rats
561 creatures vanquished.

Vanquished Creatures (others)
  A kobold brigand (D:9)
  A kobold (D:8)
  10 fungi
  29 plants
41 creatures vanquished.

Grand Total: 602 creatures vanquished

Notes
Turn   | Place    | Note
-------+----------+-------------------------------------------
     0 | D:1      | zorge82 the Merfolk Gladiator began the quest for the Orb.
     0 | D:1      | Reached XP level 1. HP: 16/16 MP: 1/1
    62 | D:1      | Found Cineij's Book Shop.
    76 | D:1      | Reached skill level 4 in Long Blades
    76 | D:1      | Reached XP level 2. HP: 8/22 MP: 2/2
   664 | D:1      | Reached skill level 5 in Long Blades
   664 | D:1      | Reached XP level 3. HP: 20/27 MP: 3/3
  1074 | D:1      | Found a faded altar of an unknown god.
  1475 | D:2      | Reached XP level 4. HP: 33/33 MP: 4/4
  1932 | D:2      | Reached skill level 6 in Long Blades
  2569 | D:3      | Identified the +7 falchion "Yklul" {chaos, *Rage rElec
                  | Dex+4}
  2584 | D:3      | Reached XP level 5. HP: 38/38 MP: 5/5
  2745 | D:3      | Reached skill level 7 in Long Blades
  3337 | D:4      | Reached XP level 6. HP: 42/44 MP: 6/6
  3486 | D:4      | Reached skill level 8 in Long Blades
  3565 | D:4      | Noticed an ice beast
  3574 | D:4      | Killed an ice beast
  3633 | D:4      | Found a white marble altar of Elyvilon.
  3811 | D:5      | Entered Level 5 of the Dungeon
  3857 | D:5      | Reached skill level 9 in Long Blades
  3894 | D:5      | Reached XP level 7. HP: 44/50 MP: 7/7
  4134 | D:5      | Reached skill level 10 in Long Blades
  4356 | D:5      | Found a staircase to the Ecumenical Temple.
  4363 | Temple   | Entered the Ecumenical Temple
  4776 | Temple   | Became a worshipper of Warmaster Okawaru
  4820 | D:5      | Identified a scroll of acquirement
  4820 | D:5      | Acquired a manual of Short Blades
  4916 | D:5      | Reached XP level 8. HP: 40/56 MP: 8/8
  5184 | D:5      | Reached skill level 11 in Long Blades
  5258 | D:5      | Found a glowing silver altar of Zin.
  5417 | D:5      | Identified the +4 robe of Pan-Flutes {-Cast Regen+ Stlth+}
  5613 | D:6      | Reached skill level 12 in Long Blades
  5613 | D:6      | Reached skill level 1 in Invocations
  5624 | D:6      | Reached * piety under Okawaru
  5629 | D:6      | Reached skill level 1 in Stealth
  5639 | D:6      | Reached skill level 13 in Long Blades
  5709 | D:6      | Reached XP level 9. HP: 61/61 MP: 10/10
  5831 | D:6      | Reached ** piety under Okawaru
  6007 | D:6      | Reached skill level 14 in Long Blades
  6522 | D:7      | Reached skill level 5 in Dodging
  6638 | D:7      | Reached *** piety under Okawaru
  6709 | D:7      | Found the +2 hat of the Bear Spirit {Spirit, *Rage Will++}
  6711 | D:7      | Found a large runed translucent door.
  6711 | D:7      | Found a large runed translucent door.
  6715 | D:7      | Reached XP level 10. HP: 71/71 MP: 13/13
  6720 | D:7      | Noticed meliss's ghost (novice TrFi)
  6737 | D:7      | Killed meliss's ghost
  6738 | D:7      | Reached skill level 5 in Stealth
  6806 | D:7      | Noticed Pikel
  6815 | D:7      | Killed Pikel
  6815 | D:7      | Reached **** piety under Okawaru
  6816 | D:7      | Reached skill level 5 in Fighting
  6816 | D:7      | Reached skill level 5 in Invocations
  7150 | D:8      | Received a gift from Okawaru
  7461 | D:8      | Noticed Maurice
  7473 | D:8      | Killed Maurice
  8012 | D:9      | Noticed a kobold demonologist
  8014 | D:9      | Noticed a kobold demonologist
  8015 | D:9      | Noticed a kobold demonologist
  8017 | D:9      | Killed a kobold demonologist
  8022 | D:9      | Noticed a sun demon
  8024 | D:9      | Noticed a smoke demon
  8025 | D:9      | Killed a kobold demonologist
  8026 | D:9      | Reached XP level 11. HP: 52/83 MP: 7/15
  8032 | D:9      | Reached ***** piety under Okawaru
  8387 | D:10     | Entered Level 10 of the Dungeon
  9070 | D:9      | Noticed an obsidian statue
  9120 | D:9      | Killed an obsidian statue
  9120 | D:9      | Identified the +9 short sword "Spiderbane" {vorpal, rN+}
                  | (Okawaru gifted it to you on level 9 of the Dungeon)
  9120 | D:9      | Received a gift from Okawaru
  9450 | D:10     | Reached skill level 1 in Short Blades
  9584 | D:10     | Identified the +3 whip of Cashois {vamp, Str+4}
 10339 | D:10     | Reached skill level 10 in Dodging
 10653 | D:11     | Noticed a cyclops
 10660 | D:11     | Killed a cyclops
 10661 | D:11     | Reached skill level 5 in Short Blades
 10706 | D:11     | Found a staircase to the Lair.
 10707 | D:11     | Noticed a death yak
 10783 | D:11     | Killed a death yak
 11025 | D:11     | Reached XP level 12. HP: 84/94 MP: 17/17
 11308 | D:11     | Identified the +0 cloak "Kuhull" {MP+9 Int-2 Slay+5}
                  | (Okawaru gifted it to you on level 11 of the Dungeon)
 11308 | D:11     | Received a gift from Okawaru
 11737 | D:11     | Found a staircase to the Orcish Mines.
 11856 | Lair:1   | Entered Level 1 of the Lair of Beasts
 11856 | Lair:1   | Noticed a five-headed hydra
 11866 | Lair:1   | Killed a five-headed hydra
 12404 | Lair:1   | Found a dark tunnel.
 12941 | Lair:1   | Acquired the +6 triple sword "Qelload" {flame, *Slow rF+
                  | Int+4 Stlth+}
 13220 | Lair:2   | Noticed a four-headed hydra
 13228 | Lair:2   | Killed a one-headed hydra
 13228 | Lair:2   | Reached ****** piety under Okawaru
 13362 | Lair:2   | Reached skill level 10 in Fighting
 13674 | Lair:2   | Received a gift from Okawaru
 13906 | Lair:3   | Noticed a five-headed hydra
 13915 | Lair:3   | Killed a one-headed hydra
 13916 | Lair:3   | Reached XP level 13. HP: 103/103 MP: 20/20
 14035 | Lair:3   | Found a staircase to the Swamp.
 14042 | Lair:3   | Reached skill level 15 in Long Blades
 14042 | Lair:3   | Reached skill level 10 in Invocations
 14310 | Lair:3   | Paralysed by a floating eye for 4 turns
 14849 | Lair:3   | Found a staircase to the Snake Pit.
 14860 | Lair:3   | Reached skill level 16 in Long Blades
 15215 | Lair:4   | Identified the +3 pair of gloves of the Eight Boll Weevils
                  | {Int+3} (Okawaru gifted it to you on level 4 of the Lair of
                  | Beasts)
 15215 | Lair:4   | Received a gift from Okawaru
 15251 | Lair:4   | Reached skill level 1 in Armour
 15874 | Lair:4   | Reached skill level 17 in Long Blades
 16402 | Lair:5   | Reached XP level 14. HP: 94/110 MP: 21/21
 16743 | Lair:5   | Received a gift from Okawaru
 16774 | Lair:5   | Reached skill level 18 in Long Blades
 16774 | Lair:5   | Reached skill level 10 in Stealth
 17051 | Lair:5   | Acquired a manual of Invocations
 17448 | Lair:6   | Entered Level 6 of the Lair of Beasts
 17466 | Lair:5   | HP: 4/110 [komodo dragon (20)]
 17796 | Lair:6   | Found a staircase to the Slime Pits.
 18222 | Lair:6   | Noticed a dire elephant
 18229 | Lair:6   | Received a gift from Okawaru
 18232 | Lair:6   | Killed a dire elephant
 18233 | Lair:6   | Reached skill level 19 in Long Blades
 18430 | Lair:6   | Found a burning altar of Makhleb.
 18438 | Lair:6   | Received a gift from Okawaru
 18797 | Lair:6   | Found a gateway to Hell.
 18973 | Lair:6   | Reached XP level 15. HP: 26/115 MP: 22/22
 20046 | Snake:1  | Entered Level 1 of the Snake Pit
 20091 | Snake:1  | Found a sparkling altar of Nemelex Xobeh.
 20594 | Snake:1  | Found Ezink's Armour Boutique.
 20596 | Snake:1  | Found Ketinab's Book Shop.
 20598 | Snake:1  | Found Tuatzupn's Distillery.
 20602 | Snake:1  | Identified the +0 helmet "Palon" {+Inv} (Okawaru gifted it
                  | to you on level 1 of the Snake Pit)
 20602 | Snake:1  | Received a gift from Okawaru
 20621 | Snake:1  | Bought 2 potions of haste for 280 gold pieces
 20621 | Snake:1  | Bought a potion of berserk rage for 70 gold pieces
 21098 | Snake:1  | Found a large runed translucent door.
 21098 | Snake:1  | Found a large runed translucent door.
 21100 | Snake:1  | Noticed Recuihi's ghost (adept MiBe)
 21254 | Snake:1  | Found Mocs's Gadget Gallery.
 21481 | Snake:1  | Killed Recuihi's ghost
 21742 | Snake:2  | Noticed Azrael
 21749 | Snake:2  | Reached skill level 20 in Long Blades
 21766 | Snake:2  | Killed Azrael
 21774 | Snake:2  | HP: 5/118 [salamander/+0 glaive (6)]
 21774 | Snake:2  | Slain by a salamander

Illustrated notes

Levels and vault maps discovered:
D:1:      eino_arrival_water_cross, layout_basic, serial_shops, shop,
          dreamdust_ecumenical_altar_angels_and_demons,
          minmay_stone_trees_small, due_unseen_surprise
D:2:      layout_rooms, minmay_door_square, minmay_crystal_water
D:3:      corexii_shack_village, layout_basic
D:4:      layout_cave_pools, mainiacjoe_overflow_catwalk
D:5:      layout_gridville, zin_treasury, minmay_temple_entry_hall,
          hangedman_abyss_or_decor_lesser_grid
D:6:      layout_cave_pools, serial_column_ruins, column_ruins_columns_plus,
          column_ruins_corridor_straight, column_ruins_grid_4,
          column_ruins_grid_1, minmay_increasing_density
D:7:      layout_rooms, ebering_ghost_disaster_area, uniq_pikel
D:8:      layout_gridville, st_stairs_8, uniq_maurice
D:9:      layout_small_grid, minivault_16
D:10:     erik_rubicon_a, layout_long_grid, dreamdust_wishing_well
D:11:     layout_cave_pools, david_lair_generic, hiddenorc2_lemuel
Temple:   mainiacjoe_temple_cubbyholes
Lair:1:   layout_gridlike, nicolae_volcano_entry_lava_flow
Lair:2:   layout_roguey, serial_bayou_lagoon_b
Lair:3:   layout_concentric_octagons, skrybe_swamp_entry_bodies,
          guppyfry_snake_entry_garden, gauntlet_entry_generic,
          nicolae_lair_lil_pond, minivault_26, disabler_island,
          grunt_megastairs_4
Lair:4:   layout_roguey, small_statue_intersection, beast_lair_carwin_3,
          grunt_megastairs_2
Lair:5:   layout_gridlike, serial_bayou_shore_a
Lair:6:   evil_forest, layout_hall_layers, nicolae_slime_entry_slimehenge,
          special_room [special_room_mythical_zoo], serial_bayou_shore_b
Snake:1:  layout_misc_corridors, ebering_ghost_disaster_area, basic_altar,
          nicolae_shop_gadgets, minmay_shop_star
Snake:2:  layout_basic, ebering_ghost_inner_flame, lemuel_fruit_tree,
          uniq_azrael

Skill      XL: |  1  2  3  4  5  6  7  8  9 10 11 12 13 14 15 |
---------------+----------------------------------------------+-----
Long Blades    | 4 5 6 7 9 10 13 14 17 19 20 | 20.1
Invocations    | 1 4 6 7 9 10 11 | 11.6
Stealth        | 1 4 7 8 9 10 | 10.3
Fighting       | 4 6 8 10 11 | 11.0
Dodging        | 5 7 10 12 13 14 | 14.8
Throwing       | 3 |  3.4
Short Blades   | 7 |  7.9
Armour         | 2 4 |  4.6

Action                   |  1- 3 |  4- 6 |  7- 9 | 10-12 | 13-15 || total
-------------------------+-------+-------+-------+-------+-------++-------
Melee: Long sword        |    63 |    71 |       |       |       ||   134
       Falchion          |       |    78 |   129 |       |       ||   207
       Punch             |       |     1 |     3 |     7 |       ||    11
       Scimitar          |       |       |    77 |   273 |       ||   350
       Short sword       |       |       |       |   324 |       ||   324
       Tailslap          |       |       |       |     5 |       ||     5
       Triple sword      |       |       |       |    55 |   569 ||   624
Throw: Boomerang         |       |    10 |       |       |       ||    10
       Dart              |       |       |       |     7 |     4 ||    11
Invok: Heroism           |       |       |       |     2 |     4 ||     6
       Finesse           |       |       |       |     1 |     2 ||     3
  Use: Scroll            |       |       |    12 |    12 |     7 ||    31
       Potion            |       |       |       |       |     4 ||     4
 Stab: Sleeping          |     3 |       |     8 |    12 |    24 ||    47
       Distracted        |       |       |     1 |     2 |     1 ||     4
Armor: Leather armour    |    12 |    12 |       |       |       ||    24
       Ring mail         |       |    22 |    23 |       |       ||    45
       Robe              |       |       |    34 |    42 |       ||    76
       Steam dragon scal |       |       |       |   153 |   193 ||   346
Dodge: Dodged            |    34 |    60 |   108 |   466 |   589 ||  1257
Block: Other             |       |    10 |    25 |   132 |   147 ||   314
       Reflection        |       |       |     1 |     6 |       ||     7

Table legend: (Time is in decaauts)
 A = Elapsed time spent in this place.
 B = Non-inter-level travel time spent in this place.
 C = Inter-level travel time spent in this place.
 D = Time resting spent in this place.
 E = Time spent auto-exploring this place.
 F = Levels seen in this place.
 G = Mean time per level.
                   A        B        C        D        E       F      G
               +--------+--------+--------+--------+--------+-----+--------+
         Total |  21513 |  20129 |   1384 |    969 |  15565 |  20 | 1075.7 |
       Dungeon |  11290 |  10697 |    593 |    717 |   7875 |  11 | 1026.4 |
        Temple |    451 |    280 |    171 |      0 |    274 |   1 |  451.0 |
          Lair |   8069 |   7504 |    565 |    252 |   6011 |   6 | 1344.8 |
     Snake Pit |   1702 |   1648 |     54 |      0 |   1405 |   2 |  851.0 |
               +--------+--------+--------+--------+--------+-----+--------+

Top non-repeatable levels by time:
  Lair:6: 2140 daAuts
 Snake:1: 1609 daAuts
  Lair:5: 1487 daAuts
  Lair:3: 1393 daAuts
     D:9: 1350 daAuts
     D:5: 1312 daAuts
     D:3: 1191 daAuts
    D:10: 1170 daAuts
     D:2: 1156 daAuts
    D:11: 1153 daAuts
  Lair:4: 1093 daAuts
  Lair:1: 1053 daAuts
     D:1: 969 daAuts
     D:8: 950 daAuts
     D:6: 922 daAuts
